 Dungeon Crawl Stone Soup version 0.27-a0-955-gb57c80000f (webtiles) character file.

Game seed: 11801523889019847633

1429 Ijustatesigmund the Chopper (level 8, -4/64 HPs)
             Began as a Demonspawn Fighter on Apr 12, 2021.
             Slain by Edmund
             ... wielding a +3 flail of holy wrath
              (10 damage)
             ... on level 5 of the Dungeon.
             The game lasted 00:09:43 (7297 turns).

Ijustatesigmund the Chopper (Demonspawn Fighter)    Turns: 7297, Time: 00:09:44

Health: -4/64      AC: 13    Str: 17    XL:     8   Next: 44%
Magic:  8/8        EV: 10    Int:  9    God:
Gold:   224        SH: 10    Dex: 15    Spells: 7/7 levels left

rFire    . . .     SeeInvis .   a - +0 war axe
rCold    . . .     Faith    .   c - +1 kite shield
rNeg     . . .     Spirit   .   b - +0 scale mail
rPois    +         Reflect  .   h - +1 helmet
rElec    .         Harm     .   (no cloak)
rCorr    .         Rampage  .   (no gloves)
Will     .....                  (no boots)
Stlth    ..........             (no amulet)
HPRegen  0.20/turn              l - ring of poison resistance
MPRegen  0.11/turn              o - +4 ring of protection

@: mighty, brilliant
A: talons 1, repulsion field 1, demonic guardian 1
a: no special abilities


You were on level 5 of the Dungeon.
You visited 2 branches of the dungeon, and saw 7 of its levels.
You also visited: Sewer.

You collected 224 gold pieces.

Inventory:

Hand Weapons
 a - a +0 war axe (weapon)
Missiles
 k - a throwing net (quivered)
Armour
 b - a +0 scale mail (worn)
 c - a +1 kite shield (worn)
 h - a +1 helmet (worn)
Jewellery
 l - a ring of poison resistance (left hand)
 o - a +4 ring of protection (right hand)
Wands
 d - a wand of digging (5)
Scrolls
 g - a scroll of silence
 i - 2 scrolls of amnesia
 j - a scroll of blinking
 m - a scroll of identify
Potions
 e - a potion of flight


   Skills:
 + Level 6.0 Fighting
 + Level 6.1 Axes
 + Level 4.2 Armour
 - Level 3.1 Dodging
 + Level 4.2 Shields


You had 7 spell levels left.
You didn't know any spells.
Your spell library was empty.

Dungeon Overview and Level Annotations

Branches:
Dungeon (6/15)             Temple (1/1) D:4           Sewer (visited)

Altars:
Dithmenos
Gozag
Hepliaklqana
Kikubaaqudgha
Okawaru
Qazlal
Ru
Uskayaw
Vehumet
Zin

Annotations:
D:3 1 runed translucent door, exclusion: statue, martbhell's ghost, amateur MiFi
D:4 3 runed translucent doors, sprayer's ghost, amateur DgAE
D:5 2 transporters, Edmund; hofbold's ghost, weakling GnDe
D:6 Grinder


Innate Abilities, Weirdness & Mutations

You have sharp toenails.
You are surrounded by a mild repulsion field. (EV +2)
A weak demonic guardian rushes to your aid.


Message History

You hit Edmund. You claw Edmund.
Edmund is moderately wounded.
You hit the hound.
You kill the hound!
Edmund grinds his teeth, and then sighs.
Edmund hits you but does no damage.
You closely miss Edmund. You claw Edmund!
Edmund is heavily wounded.
Edmund barely misses you.
Edmund hits you with a +3 flail of holy wrath.
* * * LOW HITPOINT WARNING * * *
You convulse.
* * * LOW HITPOINT WARNING * * *
A demonic guardian appears!
Edmund gestures with his flail.
Your ufetubus hits Edmund.
Your ufetubus hits Edmund but does no damage.
Your ufetubus closely misses Edmund. x2
Edmund hits your ufetubus with a +3 flail of holy wrath!
Your ufetubus dies!
Edmund shouts!
It was a potion of brilliance.
You feel clever all of a sudden.
You feel very mighty all of a sudden. You block Edmund's attack.
Your shield prevents you from hitting Edmund.
Edmund is heavily wounded.
Edmund hits you but does no damage.
You hit Edmund.
Edmund is severely wounded.
Edmund hits you but does no damage.
You hit Edmund. You claw Edmund.
Edmund is severely wounded.
Edmund barely misses you. x2
You slash Edmund!
Edmund is almost dead.
Edmund hits you with a +3 flail of holy wrath!
* * * LOW HITPOINT WARNING * * *
A demonic guardian appears!
You convulse!
You die...

#............# #............#####
#............# #.###.............
####.....##### #.#......##..#####
.....#.#.# #.#.##...##..# #.
..##.....#######.#.#........## #.
.....#.#.............###.....###.
...........#####.#..## #####..##.
.............# #.#..# .....##..#.
.............###@#.##..#....##.#[
#...............@#.#.#...#..5#.#.
..#####+#.##..5.>#.# .# #..##.#.
#.# #............#.##.#...# #©...
#.###......)<.......#$#... ##...
..#.+..............©#5=.©# #..#
###.#............#..#..#.. #..#
..#.#.........##.#.##.....# ##..#
#.#.#.........##.#.# .#.#...#...#


You could see Edmund (ally target) and a friendly quasit (summoned).

Vanquished Creatures
  Prince Ribbit (D:5)
  Sigmund (D:3)
  2 sky beasts
  A necrophage (D:4)
  2 ogres
  A phantom (D:5)
  A centaur zombie (D:5)
  3 hounds (D:5)
  A bullfrog skeleton (D:4)
  3 iguanas (D:5)
  An orc wizard (D:5)
  A killer bee zombie (D:5)
  3 gnolls (D:2)
  A howler monkey skeleton (D:5)
  6 adders
  A shadow imp (D:6)
  An ufetubus (D:5)
  6 worms
  4 dart slugs
  6 orcs (D:5)
  8 ball pythons
  10 bats
  7 endoplasms
  4 giant cockroaches
  7 goblins
  3 hobgoblins
  19 jackals
  3 kobolds (D:2)
  6 quokkas
  5 frilled lizards
  3 rats
121 creatures vanquished.

Vanquished Creatures (collateral kills)
  A kobold brigand (D:4)
  An adder (D:5)
2 creatures vanquished.

Grand Total: 123 creatures vanquished

Notes
Turn   | Place    | Note
-------+----------+-------------------------------------------
     0 | D:1      | Ijustatesigmund the Demonspawn Fighter began the quest for
                  | the Orb.
     0 | D:1      | Reached XP level 1. HP: 18/18 MP: 1/1
    44 | D:1      | Gained mutation: You are surrounded by a mild repulsion
                  | field. (EV +2) [demonic ancestry]
    44 | D:1      | Reached XP level 2. HP: 12/24 MP: 2/2
   659 | D:1      | Reached skill level 1 in Dodging
   708 | D:1      | Reached XP level 3. HP: 27/29 MP: 3/3
  1360 | D:2      | Reached XP level 4. HP: 11/35 MP: 4/4
  2324 | D:3      | Found a runed translucent door.
  2387 | D:3      | Noticed martbhell's ghost (amateur MiFi)
  2725 | D:3      | Noticed Sigmund
  2743 | D:3      | Killed Sigmund
  2744 | D:3      | Reached XP level 5. HP: 23/42 MP: 5/5
  2744 | D:3      | Gained mutation: A weak demonic guardian rushes to your
                  | aid. [demonic ancestry]
  2744 | D:3      | Reached XP level 6. HP: 27/48 MP: 6/6
  2954 | D:3      | Found a faded altar of an unknown god.
  3031 | D:3      | Found a radiant altar of Vehumet.
  3379 | D:4      | Found a staircase to the Ecumenical Temple.
  3390 | Temple   | Entered the Ecumenical Temple
  3807 | D:4      | Noticed a sky beast
  3824 | D:4      | Killed a sky beast
  3827 | D:4      | Reached skill level 5 in Axes
  3827 | D:4      | Gained mutation: You have sharp toenails. [demonic
                  | ancestry]
  3827 | D:4      | Reached XP level 7. HP: 6/55 MP: 7/7
  4286 | D:4      | Found a runed translucent gate.
  4286 | D:4      | Found a runed translucent gate.
  4286 | D:4      | Found a runed translucent gate.
  4287 | D:4      | Noticed sprayer's ghost (amateur DgAE)
  4482 | D:4      | Reached skill level 5 in Fighting
  4930 | D:5      | Entered Level 5 of the Dungeon
  5122 | D:5      | Found a transporter.
  5122 | D:5      | Noticed hofbold's ghost (weakling GnDe)
  5152 | D:5      | Found a glowing drain.
  5170 | Sewer    | Entered a sewer
  5948 | D:5      | Reached XP level 8. HP: 14/63 MP: 8/8
  6258 | D:5      | Found a transporter.
  6782 | D:5      | Noticed Prince Ribbit
  6801 | D:5      | Killed Prince Ribbit
  7275 | D:6      | Noticed Edmund
  7280 | D:6      | Noticed Grinder
  7297 | D:5      | Slain by Edmund

Illustrated notes

Levels and vault maps discovered:
D:1:      minmay_arrival_nine_rooms, layout_rooms, minmay_misc_feat_diagonals
D:2:      layout_basic
D:3:      layout_basic, vehumet_statue, ebering_ghost_reflecting_pool,
          ebering_ecumenical_altar_hall, uniq_sigmund
D:4:      layout_layer_cave, minmay_temple_entry_glassed_door,
          gammafunk_ghost_necromancy
D:5:      layout_basic, serial_glass, glass_columns_a, glass_columns_a,
          feat_on_display, gammafunk_ghost_stat_death,
          cheibrodos_sewer_entry_bend, kennysheep_path_1, uniq_prince_ribbit1
D:6:      layout_rooms, minmay_ruffians, uniq_eustachio, uniq_grinder,
          uniq_edmund, uniq_duvessa
Temple:   nicolae_temple_figure_zero

Skill      XL: |  1  2  3  4  5  6  7  8 |
---------------+-------------------------+-----
Axes           | 2 3 4 5 6 |  6.1
Dodging        | 1 2 3 |  3.1
Fighting       | 4 5 6 |  6.0
Armour         | 3 4 |  4.2
Shields        | 3 4 |  4.2

Action                   |  1- 3 |  4- 6 |  7- 9 || total
-------------------------+-------+-------+-------++-------
Melee: War axe           |   102 |    93 |   218 ||   413
       Kick              |       |       |    62 ||    62
  Use: Potion            |     2 |     3 |     4 ||     9
       Scroll            |       |     3 |    10 ||    13
Armor: Scale mail        |    60 |    57 |   110 ||   227
Dodge: Dodged            |    37 |    64 |   130 ||   231
Block: Kite shield       |    61 |    66 |   168 ||   295

Table legend: (Time is in decaauts)
 A = Elapsed time spent in this place.
 B = Non-inter-level travel time spent in this place.
 C = Inter-level travel time spent in this place.
 D = Time resting spent in this place.
 E = Time spent auto-exploring this place.
 F = Levels seen in this place.
 G = Mean time per level.
                   A        B        C        D        E       F      G
               +--------+--------+--------+--------+--------+-----+--------+
         Total |   7660 |   7537 |    123 |   2367 |   4012 |   8 |  957.5 |
       Dungeon |   6771 |   6659 |    112 |   2163 |   3608 |   6 | 1128.5 |
        Temple |    123 |    113 |     10 |      0 |    113 |   1 |  123.0 |
         Sewer |    765 |    765 |      0 |    204 |    291 |   1 |  765.0 |
               +--------+--------+--------+--------+--------+-----+--------+

Top non-repeatable levels by time:
     D:5: 1797 daAuts
     D:4: 1348 daAuts
     D:3: 1343 daAuts
     D:2: 1327 daAuts
     D:1: 941 daAuts
   Sewer: 765 daAuts
  Temple: 123 daAuts
     D:6: 12 daAuts
